Map: [ESL] Data-C

Players

Lambo - Winner!

  • Race: Zerg Zerg
  • Spawn Location: 9:00

Kelazhur

  • Race: Terran Terran
  • Spawn Location: 3:00

Event: DreamHack SC2 Masters 2022 Valencia

VOD

Have the link to the VOD?

Description

Time

  • Played on: July 1, 2022, 12:55 p.m.
  • Length: 17:11

All games in this series

Show
View Real Time Build Order
Export as new Build Order

Lambo Zerg - Winner!

Build Orders: Hatch First 

Get SALT Encoding   

  12  0:00  Drone  
  13  0:12  Overlord  
  13  0:16  Drone  
  14  0:30  Drone x2  
  16  0:47  Hatchery  
  15  0:51  Drone  
  15  0:54  Drone  
  17  0:57  Drone  
  18  1:09  Extractor  
  17  1:12  Spawning Pool  
  17  1:16  Drone  
  17  1:19  Drone  
  18  1:27  Drone  
  19  1:39  Drone  
  20  1:49  Drone  
  21  2:00  Queen x2  
  21  2:01  Zergling x4  
  27  2:13  Drone  
  28  2:16  Hatchery  
  27  2:22  Overlord  
  27  2:25  Drone  
  28  2:42  Drone x3  
  28  2:43  Queen  
  33  2:48  Overlord  
  33  2:54  Metabolic Boost  
  33  2:55  Drone x2  
  33  2:58  Drone  
  36  3:07  Queen  
  36  3:09  Drone x2  
  36  3:11  Drone  
  41  3:19  Drone x3  
  44  3:24  Overlord  
  44  3:30  Queen  
  44  3:31  Queen  
  48  3:36  Overlord  
  48  3:43  Drone  
  48  3:47  Drone x2  
  51  3:49  Zergling x6  
  51  3:50  Zergling x2  
  51  3:53  Overlord  
  55  3:57  Drone x4  
  55  3:58  Drone  
  55  4:01  Overlord  
  60  4:04  Drone  
  60  4:06  Drone  
  60  4:09  Queen  
  64  4:12  Overlord  
  64  4:20  Spore Crawler, Drone x2  
  64  4:21  Zergling x2  
  64  4:22  Drone  
  67  4:24  Spore Crawler  
  67  4:27  Queen  
  67  4:29  Drone  
  69  4:32  Drone x2  
  69  4:35  Drone x3  
  69  4:38  Drone x2  
  76  4:39  Drone  
  76  4:42  Lair  
  77  4:46  Zergling x4  
  77  4:51  Spore Crawler  
  78  4:55  Drone x4  
  78  4:59  Overlord  
  82  5:05  Overlord  
  82  5:12  Baneling Nest, Evolution Chamber  
  82  5:14  Overlord, Evolution Chamber, Extractor  
  78  5:15  Drone x3  
  78  5:16  Drone  
  78  5:19  Drone x4  
  86  5:23  Drone  
  86  5:25  Drone x2  
  86  5:27  Extractor  
  88  5:29  Extractor  
  88  5:34  Zergling x4  
  88  5:35  Drone x4  
  88  5:37  Hatchery  
  90  5:42  Drone  
  90  5:43  Drone x4  
  90  5:45  Drone  
  95  5:58  Drone x3  
  96  6:08  Queen  
  96  6:10  Zerg Melee Weapons Level 1, Zerg Ground Armor Level 1  
  98  6:13  Hatchery  
  97  6:20  Overlord x2  
  97  6:21  Centrifugal Hooks  
  97  6:27  Hatchery  
  97  6:29  Drone x2  
  97  6:30  Overlord  
  98  6:34  Overlord  
  98  6:38  Baneling x5  
  98  6:39  Overlord  
  98  6:40  Drone x11  
  98  6:43  Baneling x6  
  98  6:46  Overseer  
  109  6:48  Zergling x2  
  109  6:51  Zergling x4  
  112  6:55  Spore Crawler  
  112  6:58  Zergling x4  
  112  7:01  Zergling x4  
  115  7:08  Zergling x16  
  120  7:13  Queen  
  122  7:17  Zergling x10  
  122  7:22  Zergling x4  
  128  7:27  Baneling x5  
  128  7:28  Zergling x6  
  129  7:30  Baneling x2  
  129  7:32  Zergling x4  
  124  7:37  Zergling x8  
  124  7:39  Zergling x6  
  124  7:41  Zergling x8  
  128  7:49  Zergling x10  
  125  7:53  Baneling x4  
  125  7:55  Zergling x14  
  125  7:58  Queen x3  
  129  8:07  Zergling x18  
  129  8:08  Pneumatized Carapace  
  129  8:12  Zergling x6  
  138  8:14  Zergling x2  
  138  8:19  Overlord  
  139  8:20  Baneling x8  
  139  8:21  Overlord  
  139  8:28  Overlord  
  139  8:29  Baneling  
  139  8:30  Overlord x2, Baneling x5, Overseer  
  139  8:33  Overlord  
  139  8:36  Overlord  
  139  8:37  Zergling x18, Hatchery  
  145  8:41  Zergling x14  
  145  8:49  Zerg Ground Armor Level 2, Zerg Melee Weapons Level 2  
  145  8:52  Zergling x2  
  145  8:53  Zergling x24  
  145  8:55  Spore Crawler x2  
  153  9:05  Drone  
  153  9:06  Drone x2  
  153  9:09  Drone  
  158  9:10  Drone  
  158  9:12  Zergling x2  
  158  9:13  Zergling x18  
  158  9:15  Zergling x4  
  165  9:17  Baneling x15  
  165  9:23  Zergling x14  
  170  9:28  Zergling x8  
  170  9:30  Zergling x2  
  156  9:39  Zergling x16  
  156  9:40  Infestation Pit, Baneling x11  
  159  9:47  Drone x2  
  159  9:48  Drone x2  
  159  9:52  Zergling x20  
  173  10:01  Baneling x9  
  173  10:02  Zergling x14  
  180  10:11  Zergling x26  
  187  10:14  Zergling x8  
  183  10:21  Zergling x18  
  183  10:27  Zergling x6  
  159  10:32  Hive  
  155  10:37  Zergling x2  
  155  10:38  Zergling x22  
  155  10:42  Zergling x8  
  156  10:49  Spore Crawler  
  156  10:50  Zergling x16  
  156  10:51  Baneling x3  
  156  10:53  Overseer  
  156  10:55  Baneling x7  
  156  10:56  Drone  
  164  11:01  Baneling x8, Hatchery  
  163  11:04  Baneling  
  163  11:08  Zergling x20  
  163  11:10  Baneling x2  
  173  11:16  Zergling x18  
  173  11:17  Baneling x3  
  180  11:22  Baneling x2  
  179  11:26  Drone x5  
  179  11:27  Zergling x2  
  179  11:28  Zergling x10  
  179  11:29  Baneling  
  189  11:34  Baneling x5  
  189  11:39  Zergling x18  
  194  11:42  Overseer  
  194  11:45  Zergling x4  
  193  11:50  Extractor  
  192  11:55  Overlord  
  192  11:58  Zergling x6  
  192  11:59  Overlord, Baneling x8  
  192  12:05  Overlord  
  166  12:09  Zergling x38  
  177  12:16  Zergling x16  
  177  12:19  Adrenal Glands  
  174  12:24  Zergling x14  
  174  12:28  Baneling x5  
  174  12:29  Zergling x8  
  185  12:30  Baneling  
  185  12:32  Drone x4  
  185  12:37  Baneling x3  
  189  12:42  Extractor  
  189  12:44  Spore Crawler  
  187  12:48  Zergling x26  
  181  12:59  Zergling x36  
  187  13:07  Zergling x6  
  187  13:08  Zergling x16  
  187  13:11  Zergling x12  
  198  13:18  Zerg Ground Armor Level 3, Zerg Melee Weapons Level 3  
  184  13:20  Zergling x16  
  184  13:26  Zergling x14  
  193  13:34  Baneling x4  
  193  13:39  Baneling x5  
  192  13:43  Zergling x18  
  192  13:45  Hatchery  
  191  13:49  Zergling x20  
  191  13:54  Zergling x6  
  199  13:58  Zergling x8  
  193  14:07  Zergling x26  
  188  14:10  Zergling x8  
  188  14:14  Zergling x6  
  188  14:16  Zergling x6  
  171  14:20  Zergling x2  
  171  14:23  Zergling x4  
  160  14:27  Ultralisk Cavern  
  156  14:33  Zergling x18  
  156  14:36  Baneling x3  
  156  14:37  Baneling x21  
  165  14:43  Zergling x22  
  176  14:46  Zergling x4  
  176  14:47  Baneling  
  176  14:48  Baneling x4  
  176  14:51  Zergling x6  
  176  14:52  Zergling x2  
  181  14:54  Zergling x10  
  181  14:58  Zergling x12  
  182  15:04  Zergling x10  
  182  15:05  Zergling x12  
  174  15:07  Zergling x2  
  174  15:08  Zergling x2  
  174  15:13  Zergling x10  
  147  15:24  Chitinous Plating, Hatchery  
  146  15:32  Zergling x8  
  142  15:37  Zergling x28  
  142  15:42  Zergling x10  
  150  15:47  Zergling x4  
  152  15:53  Baneling x5  
  152  15:59  Zergling x14  
  151  16:12  Ultralisk x3  
  151  16:16  Zergling x8  
  164  16:27  Zergling x4  
  164  16:28  Baneling  
  164  16:29  Baneling x2  
  164  16:32  Hatchery  
  165  16:35  Baneling x2  
  165  16:36  Zergling x10  
  165  16:37  Overseer  
  170  16:48  Zergling x12  
  170  16:52  Zergling x6  
  178  16:57  Hatchery  
Show
View Real Time Build Order
Export as new Build Order

Kelazhur Terran 

Build Orders: Liberator Opening, Reaper Expand 

Get SALT Encoding   

  12  0:00  SCV  
  13  0:12  SCV  
  14  0:17  Supply Depot  
  14  0:24  SCV  
  15  0:38  SCV  
  15  0:40  Barracks  
  16  0:43  Refinery  
  16  0:50  SCV  
  17  1:02  SCV  
  18  1:14  SCV  
  19  1:26  Reaper  
  19  1:27  Orbital Command  
  20  1:39  Command Center  
  20  1:47  Supply Depot  
  20  1:53  SCV  
  21  1:58  Marine  
  22  2:06  Factory  
  22  2:10  SCV  
  23  2:16  Refinery  
  23  2:20  Barracks Reactor  
  23  2:22  SCV  
  24  2:34  SCV  
  25  2:46  SCV  
  25  2:50  Starport  
  26  2:51  Orbital Command  
  26  2:58  SCV  
  27  3:00  Hellion x2  
  27  3:04  Barracks Tech Lab  
  31  3:10  SCV  
  32  3:18  SCV  
  33  3:22  SCV  
  33  3:25  Hellion x2  
  38  3:30  SCV, Supply Depot  
  38  3:32  Liberator  
  42  3:34  SCV  
  43  3:42  SCV, Stimpack  
  43  3:46  SCV  
  45  3:52  Hellion x2  
  45  3:55  Supply Depot  
  49  3:56  SCV  
  49  3:59  SCV  
  51  4:08  SCV  
  52  4:11  SCV  
  52  4:16  Liberator  
  52  4:17  Hellion x2  
  60  4:20  SCV  
  60  4:23  Supply Depot  
  61  4:26  SCV  
  61  4:30  Command Center  
  62  4:38  SCV  
  62  4:41  Barracks  
  62  4:42  Barracks  
  62  4:45  SCV  
  63  4:50  SCV  
  63  4:52  Engineering Bay x2  
  64  4:57  SCV  
  65  5:00  Marine, Factory Reactor  
  65  5:01  Starport Reactor  
  65  5:03  SCV  
  65  5:06  Refinery  
  65  5:07  Refinery  
  65  5:09  SCV  
  65  5:12  Supply Depot  
  66  5:15  SCV  
  66  5:16  Supply Depot  
  66  5:21  SCV  
  66  5:22  Marine  
  66  5:26  Terran Infantry Armor Level 1, Terran Infantry Weapons Level 1  
  66  5:27  SCV  
  68  5:29  Marine x2  
  68  5:34  SCV  
  71  5:37  Supply Depot  
  71  5:39  SCV  
  71  5:40  Supply Depot, Combat Shield  
  71  5:42  Marine  
  73  5:44  SCV, Factory Reactor  
  73  5:46  SCV  
  75  5:52  Marine x3  
  75  5:53  Medivac  
  77  5:59  SCV  
  77  6:00  Marine, Marauder  
  77  6:02  Medivac  
  80  6:05  SCV  
  80  6:09  Armory  
  80  6:10  Marine  
  82  6:12  SCV  
  83  6:21  Orbital Command, Barracks  
  83  6:22  Barracks  
  83  6:23  SCV  
  84  6:27  Marine x3  
  84  6:31  SCV  
  84  6:32  Marine x2  
  88  6:35  SCV  
  88  6:36  Widow Mine  
  93  6:40  Medivac x2  
  93  6:45  SCV, Marine  
  93  6:46  Supply Depot  
  99  6:49  Marine, Widow Mine  
  99  6:51  SCV x2  
  104  6:56  Marine  
  104  6:57  SCV  
  106  7:03  SCV x2, Marine x2  
  106  7:06  Supply Depot  
  107  7:09  SCV  
  107  7:10  Marine x3  
  107  7:12  Barracks Reactor  
  107  7:15  SCV  
  112  7:16  Command Center  
  112  7:18  SCV  
  113  7:25  Marine x3  
  113  7:26  Terran Infantry Weapons Level 2  
  113  7:28  Marine x2  
  118  7:30  Terran Infantry Armor Level 2  
  112  7:39  Marine  
  112  7:42  Refinery, SCV x2  
  112  7:43  Factory, Marine x3  
  114  7:44  Supply Depot  
  114  7:49  Marine  
  114  7:50  Marine x2  
  116  7:52  Barracks Reactor, Widow Mine x2  
  116  7:54  SCV  
  116  7:56  Marine  
  121  8:01  Marine  
  122  8:08  Marine  
  122  8:09  Marine x4  
  124  8:15  Marauder  
  124  8:18  Widow Mine x2  
  124  8:19  SCV, Marine  
  130  8:26  SCV, Marine x3  
  134  8:27  Factory Tech Lab  
  134  8:29  Marine  
  134  8:33  Supply Depot  
  135  8:34  Marine x3  
  135  8:35  Sensor Tower  
  135  8:36  Supply Depot, Marine x2  
  135  8:37  SCV x2  
  135  8:38  SCV  
  134  8:49  SCV  
  134  8:51  Planetary Fortress  
  134  8:54  Marine x7  
  134  8:55  Widow Mine x2  
  142  8:56  Drilling Claws  
  142  8:57  Widow Mine  
  139  9:04  SCV x2  
  139  9:05  SCV  
  139  9:07  Marine  
  143  9:12  Command Center  
  143  9:15  Supply Depot  
  143  9:16  SCV x2, Marine  
  143  9:17  SCV  
  147  9:19  Medivac x2  
  147  9:22  Widow Mine  
  147  9:23  Widow Mine x2  
  141  9:33  SCV, Marine  
  141  9:34  SCV x2  
  141  9:36  Marine  
  141  9:37  Marine x2  
  130  9:40  Marine  
  130  9:42  SCV  
  130  9:44  Widow Mine x2  
  130  9:45  SCV  
  136  9:46  SCV  
  136  9:47  Terran Infantry Weapons Level 3, SCV, Terran Infantry Armor Level 3  
  136  9:49  Medivac x2  
  142  9:54  SCV  
  142  9:55  Marauder  
  145  10:01  Marine  
  146  10:08  SCV  
  145  10:14  Marine  
  145  10:17  Marauder  
  145  10:18  Medivac  
  145  10:19  Marine, SCV, Medivac  
  145  10:27  Marine  
  127  10:29  SCV, Marine x5  
  127  10:31  Widow Mine x2  
  127  10:32  Marine, Widow Mine  
  134  10:36  Marine  
  134  10:38  Marauder  
  134  10:40  SCV  
  134  10:42  SCV x2  
  130  10:45  Marine  
  130  10:46  SCV  
  130  10:47  Marine x3  
  130  10:48  Command Center  
  135  10:50  Medivac x2  
  135  10:52  Barracks  
  135  10:53  SCV, Widow Mine x2  
  135  10:54  Barracks, SCV x2  
  135  10:55  Barracks  
  146  10:58  Widow Mine  
  146  11:00  Marauder  
  146  11:01  SCV  
  151  11:05  Sensor Tower  
  151  11:06  Marine  
  151  11:11  SCV  
  153  11:16  Marine  
  153  11:17  Marine x3  
  153  11:18  Marine  
  158  11:20  Medivac x2  
  158  11:22  Widow Mine x3  
  168  11:30  SCV x3  
  171  11:40  SCV, Marine, Marauder  
  171  11:42  SCV x2  
  171  11:43  SCV  
  171  11:45  Barracks Tech Lab x3  
  178  11:50  Medivac  
  178  11:53  Widow Mine  
  178  11:54  Terran Vehicle And Ship Armor Level 1, Supply Depot  
  180  11:56  Supply Depot  
  180  12:00  Medivac, Widow Mine x2  
  186  12:02  Marauder  
  162  12:10  Marine x6, Marauder x3  
  172  12:18  Marine  
  172  12:20  Concussive Shells, Widow Mine  
  172  12:21  Marine, Widow Mine  
  168  12:23  Marauder  
  168  12:27  Refinery, SCV, Command Center  
  168  12:28  SCV x2  
  173  12:31  Marauder  
  173  12:32  Marauder x2  
  173  12:33  Marine x4, Widow Mine  
  185  12:41  Command Center  
  185  12:44  Marauder  
  185  12:48  Marine x2  
  189  12:52  Marauder  
  189  12:53  Marauder  
  189  12:57  Marauder  
  183  12:59  Marine  
  183  13:01  Marine  
  183  13:02  Marine x4  
  183  13:03  SCV x2  
  170  13:05  Marine  
  170  13:06  Marine, Marauder  
  164  13:14  Marauder x2  
  164  13:17  Marine  
  164  13:18  Medivac x2  
  164  13:19  Marauder  
  155  13:27  Marauder  
  155  13:29  SCV x2  
  155  13:30  SCV, Widow Mine  
  155  13:34  Widow Mine x2  
  166  13:35  Marauder  
  166  13:36  Marauder  
  166  13:38  Planetary Fortress  
  170  13:42  Marine, Marauder  
  170  13:45  Marine  
  170  13:47  Marine  
  170  13:52  Widow Mine  
  170  13:55  Widow Mine x2  
  163  14:01  Marine, Marauder  
  150  14:13  Widow Mine  
  150  14:15  SCV  
  150  14:16  SCV x2, Marine x2, Widow Mine  
  150  14:17  Marauder, Widow Mine  
  131  14:20  SCV  
  127  14:25  Marine  
  127  14:26  Marauder  
  127  14:27  SCV  
  127  14:28  SCV x2  
  133  14:33  Medivac x2  
  133  14:34  Marine x7  
  133  14:35  Widow Mine  
  133  14:38  Widow Mine  
  144  14:40  SCV  
  144  14:42  Widow Mine  
  147  14:50  Marine  
  147  14:51  SCV  
  149  14:56  Widow Mine  
  149  14:59  Widow Mine  
  153  15:02  Marine, Marauder  
  153  15:03  Medivac x2  
  153  15:04  Widow Mine  
  132  15:17  Widow Mine  
  132  15:18  Orbital Command, Marine x10  
  132  15:20  Marine  
  127  15:23  SCV x2, Marine  
  128  15:33  Liberator x2  
  118  15:36  Marine, Marauder  
  118  15:37  Widow Mine  
  118  15:40  Marine  
  118  15:41  Marine x2  
  120  15:47  SCV x3  
  120  15:48  SCV  
  124  15:51  Widow Mine  
  124  15:52  Marine  
  124  15:53  Marauder  
  129  15:59  Widow Mine  
  129  16:04  Marine  
  126  16:12  Marauder  
  126  16:13  Widow Mine  
  126  16:18  SCV x4  
  132  16:19  Marauder  
  132  16:20  Widow Mine  
  136  16:30  SCV, Planetary Fortress  
  137  16:34  Widow Mine  
  137  16:35  Marine x4, Marauder  
  137  16:39  SCV  
  149  16:40  Bunker, SCV  
  149  16:41  Widow Mine  
  152  16:52  Marine x5  
  161  16:58  SCV x4  

Tags
 
Add a new tag
Caveats
  • Supply blocks, unpowered buildings, or Contaminate may cause inaccurate times.
  • Supply counts are checked every 10 seconds.